 Dungeon Crawl Stone Soup version 0.28-a0-973-ga7f8b01127 (webtiles) character file.

Game seed: 5436447561559690376

290000 Strat the Brawler (level 19, -25/205 HPs)
             Began as a Troll Brigand on Dec 1, 2021.
             Was the Champion of Qazlal.
             Annihilated by an orc knight (51 damage)
             ... on level 2 of the Vaults on Dec 2, 2021.
             The game lasted 01:42:35 (36378 turns).

Strat the Brawler (Troll Brigand)                  Turns: 36378, Time: 01:42:36

Health: -25/205    AC: 13    Str: 24    XL:     19   Next: 92%
Magic:  31/31      EV: 18    Int:  3    God:    Qazlal [******]
Gold:   3180       SH: 19    Dex: 17    Spells: 18/18 levels left

rFire   + . .      SeeInvis .     - Unarmed
rCold   . . .      Faith    .   u - +0 kite shield {reflect}
rNeg    + . .      Spirit   .   N - +0 acid dragon scales
rPois   +          Reflect  +   (helmet restricted)
rElec   .          Harm     .   Q - +0 cloak {rPois}
rCorr   +          Rampage  .   (gloves unavailable)
Will    +....      Rage     1%  (boots unavailable)
Stlth   +.........              w - amulet of regeneration
HPRegen 2.04/turn               D - ring "Mostovvu" {rF+ rN+}
MPRegen 0.22/turn               b - +4 ring of evasion

@: lethally poisoned (-25 -> -27), about to teleport, protected from physical
damage, studying Dodging, repel missiles
A: large, unfitting armour, claws 3, regeneration 1, shaggy fur 1, tough skin 1,
[berserk 1], [dopey 2], [no potion heal 1]
}: 2/15 runes: serpentine, barnacled
a: Renounce Religion, Upheaval, Elemental Force, Disaster Area


You were on level 2 of the Vaults.
You worshipped Qazlal.
Qazlal was exalted by your worship.
You visited 7 branches of the dungeon, and saw 34 of its levels.
You visited the Abyss 1 time.
You also visited: Gauntlet, Ice Cave and Wizlab.

You collected 3957 gold pieces.
You spent 777 gold pieces at shops.

Inventory:

Hand Weapons
 a - a +7 scimitar of flaming
Missiles
 d - 70 poisoned darts
 e - 10 curare-tipped darts
 f - 1070 stones
 t - 34 boomerangs (quivered)
 y - 6 throwing nets
 F - 12 datura-tipped darts
 J - 25 large rocks
 L - 4 javelins
 M - 2 silver javelins
Armour
 u - a +0 kite shield of reflection (worn)
 N - +0 acid dragon scales (worn)
 Q - a +0 cloak of poison resistance (worn)
Jewellery
 b - a +4 ring of evasion (right claw)
 p - an amulet of faith
 q - a ring of protection from cold
 r - a +6 ring of strength
 w - an amulet of regeneration (around neck)
 B - a ring of resist corrosion
 D - the ring "Mostovvu" (left claw) {rF+ rN+}
   (You took it off a naga mage on level 3 of the Snake Pit)

   [ring of positive energy]

   rF:        It protects you from fire.
   rN:        It protects you from negative energy.
 E - an amulet of reflection
 T - a ring of flight
 W - the ring "Neocum" {Str+4 Int+6 SInv Stlth+}
   (You found it on level 4 of the Shoals)

   [ring of intelligence]

   Str:       It affects your strength (+4).
   Int:       It affects your intelligence (+6).
   SInv:      It lets you see invisible.
   Stlth:     It makes you more stealthy.
Wands
 k - a wand of polymorph (5)
 m - a wand of charming (8)
 I - a wand of flame (27)
 K - a wand of paralysis (9)
 O - a wand of digging (16)
 V - a wand of acid (5)
 X - a wand of mindburst (11)
 Z - a wand of iceblast (6)
Scrolls
 c - 3 scrolls of enchant weapon
 h - 7 scrolls of magic mapping
 n - 6 scrolls of teleportation
 v - 5 scrolls of blinking
 G - 3 scrolls of amnesia
 H - 2 scrolls of silence
 P - 2 scrolls of holy word
 U - 5 scrolls of identify
Potions
 g - 4 potions of lignification
 i - 7 potions of cancellation
 j - 2 potions of resistance
 l - 3 potions of heal wounds
 o - 3 potions of flight
 s - 12 potions of curing
 x - 6 potions of attraction
 z - 3 potions of invisibility
 A - 6 potions of mutation
 C - 3 potions of brilliance
 R - a potion of might
 S - a potion of ambrosia
 Y - a potion of magic {unknown}


   Skills:
 + Level 16.3 Fighting
 - Level 1.5 Short Blades
 + Level 11.1 Throwing
 - Level 5.3 Armour
 - Level 10.0 Dodging
 - Level 2.1 Stealth
 - Level 9.0 Shields
 + Level 19.5 Unarmed Combat
 + Level 18.3 Invocations


You had 18 spell levels left.
You didn't know any spells.
Your spell library contained the following spells:

 Spells                   Type           Power      Damage    Failure   Level
 Animate Skeleton         Necr           0%         N/A       58%         1
 Apportation              Tloc           0%         N/A       58%         1
 Beastly Appendage        Tmut           0%         N/A       58%         1
 Slow                     Hex            0%         N/A       58%         1
 Summon Small Mammal      Summ           0%         N/A       58%         1
 Corpse Rot               Necr/Air       0%         N/A       75%         2
 Ensorcelled Hibernation  Hex/Ice        0%         N/A       75%         2
 Passwall                 Tmut/Erth      0%         N/A       75%         2
 Scorch                   Fire           0%         2d5       75%         2
 Static Discharge         Conj/Air       0%         N/A       75%         2
 Sublimation of Blood     Necr           0%         N/A       75%         2
 Wereblood                Tmut           0%         N/A       75%         2
 Call Canine Familiar     Summ           0%         N/A       92%         3
 Confusing Touch          Hex            0%         N/A       92%         3
 Dazzling Flash           Conj/Hex       0%         N/A       92%         3
 Frozen Ramparts          Ice            0%         1d2       92%         3
 Gell's Gravitas          Tloc           0%         N/A       92%         3
 Lesser Beckoning         Tloc           0%         N/A       92%         3
 Mephitic Cloud           Conj/Pois/Air  0%         N/A       92%         3
 Ozocubu's Armour         Ice            0%         N/A       92%         3
 Spider Form              Tmut/Pois      0%         N/A       92%         3
 Summon Guardian Golem    Hex/Summ       0%         N/A       92%         3
 Swiftness                Air            0%         N/A       92%         3
 Teleport Other           Tloc           0%         N/A       92%         3
 Tukima's Dance           Hex            0%         N/A       92%         3
 Vampiric Draining        Necr           0%         2d6       92%         3
 Animate Dead             Necr           0%         N/A       100%        4
 Cause Fear               Hex            0%         N/A       100%        4
 Dispel Undead            Necr           0%         3d6       100%        4
 Flame Wave               Conj/Fire      0%         2d4       100%        4
 Ice Form                 Ice/Tmut       0%         N/A       100%        4
 Iskenderun's Mystic Bla  Conj/Tloc      0%         2d3       100%        4
 Olgreb's Toxic Radiance  Pois           0%         N/A       100%        4
 Passage of Golubria      Tloc           0%         N/A       100%        4
 Sticky Flame             Conj/Fire      0%         2d3       100%        4
 Summon Ice Beast         Ice/Summ       0%         N/A       100%        4
 Borgnjor's Vile Clutch   Necr/Erth      0%         N/A       100%        5
 Lightning Bolt           Conj/Air       0%         1d11      100%        5
 Death Channel            Necr           0%         N/A       100%        6
 Dispersal                Tloc           0%         N/A       100%        6
 Starburst                Conj/Fire      0%         6d3       100%        6
 Summon Cactus Giant      Summ           0%         N/A       100%        6
 Dragon Form              Tmut           0%         N/A       100%        7
 Malign Gateway           Summ/Tloc      0%         N/A       100%        7
 Ozocubu's Refrigeration  Ice            0%         4d5       100%        7
 Summon Hydra             Summ           0%         N/A       100%        7
 Ignition                 Fire           0%         3d3       100%        8
 Maxwell's Capacitive Co  Air            0%         ∞         100%        8
 Dragon's Call            Summ           0%         N/A       100%        9


Dungeon Overview and Level Annotations

Branches:
Dungeon (15/15)            Temple (1/1) D:6            Lair (6/6) D:9
 Shoals (4/4) Lair:4        Snake (4/4) Lair:4        Slime (0/5) Lair:5
    Orc (2/2) D:9             Elf (0/3) Orc:2        Vaults (2/5) D:13
 Depths (0/4) D:15          IceCv (visited)          WizLab (visited)
Gauntlet (visited)
  Crypt: Vaults:2-3

Altars:
Ashenzari
Cheibriados
Dithmenos
Elyvilon
Fedhas
Gozag
Hepliaklqana
Kikubaaqudgha
Makhleb
Nemelex Xobeh
Okawaru
Qazlal
Ru
Sif Muna
Trog
Uskayaw
Vehumet
Wu Jian
Xom
Yredelemnul
Zin
The Shining One
Beogh

Shops:
D:15 *   Orc:2 (?==   Shoals:4 (   Snake:1 :!   Snake:2 (   Vaults:2 *

Annotations:
D:3 1 runed translucent door, oldriver's ghost, amateur DrCj


Innate Abilities, Weirdness & Mutations

You are too large for most types of armour.
You have claws for hands.
Your natural rate of healing is unusually fast.
You are covered in fur. (AC +1)
You have tough skin. (AC +1)
[You tend to lose your temper in combat.]
[You are very dopey. (Int -4)]
[Potions are less effective at restoring your health.]


Message History

You block the red ugly thing's attack.
The runic seals fade away.
The frost giant is engulfed in freezing vapours.
The frost giant gestures at you while chanting.
You hear a sizzling sound!
The ironbound preserver completely misses you.
The red ugly thing is engulfed in blazing flames. x2
Your surroundings suddenly seem different. 3 orc knights and an orc warlord come into view.
The orc warlord is wielding a +6 long sword of protection.
An orc knight is wielding a +1 glaive of venom.
The orc warlord shouts!
The orc knight shouts! x3
The orc knight roars a battlecry!
The orcs go into a battle-frenzy!
The orc warlord roars a battlecry!
The orc knight goes into a battle-frenzy!
You closely miss the orc knight. You barely miss the orc knight.
The orc knight is engulfed in blazing flames.
You block the orc knight's attack. x2
You scratch the orc knight but do no damage.
The orc knight barely misses you. You block the orc knight's attack.
The orc knight hits you from afar with a +1 glaive of venom!!
* * * LOW HITPOINT WARNING * * *
You are poisoned.
The orc knight barely misses you.
You feel extremely sick.
The orc knight is struck by lightning.
The orc knight hits you with a +0 battleaxe!!
* * * LOW HITPOINT WARNING * * *
You feel extremely sick.
As you read the scroll of teleportation, it crumbles to dust.
You feel strangely unstable.
You feel very sick. You block the orc knight's attack.
The orc knight hits you from afar with a +1 glaive of venom!
* * * LOW HITPOINT WARNING * * *
You feel very sick.
You feel very sick.
The orc knight hits you from afar with a +1 glaive of venom!!!
You die...

#############
#.§.........#
#@..........#
#ooo........#
#o.○........#
#○○.........#
#^○.........+
#############


You could see an orc warlord (strong) and 3 orc knights.

Vanquished Creatures
  Mara (Snake:3)
  Sojobo (Vaults:1)
  Vashnia (Snake:4)
  Nikola (Snake:3)
  A bone dragon (Abyss:2)
  2 tengu reavers
  Donald (Snake:2)
  10 nagarajas (Snake:4)
  An orc warlord (Orc:1)
  Louise (Snake:3)
  7 vault wardens
  8 ironbound preservers
  Aizul (Shoals:2)
  A reaper (IceCv)
  A starcursed mass (Abyss:2)
  An entropy weaver (Vaults:1)
  9 dire elephants
  Snorg (Lair:5)
  A deep elf death mage (Vaults:1)
  2 merfolk javelineers
  9 merfolk impalers
  Josephine (Lair:4)
  3 yaktaur captains
  4 ironbound thunderhulks
  3 boulder beetles
  Erolcha (Orc:2)
  13 naga warriors
  3 salamander tyrants
  5 vault guards
  5 merfolk avatars
  An ogre mage (D:15)
  10 anacondas
  11 hydras
  Erica (D:9)
  7 centaur warriors
  2 alligator snapping turtles (Shoals:4)
  3 catoblepae
  2 satyrs
  19 death yaks
  10 merfolk aquamancers
  8 two-headed ogres
  9 shock serpents
  A soul eater (Gauntlet)
  20 naga sharpshooters
  Sonja (D:12)
  A wretched star (Abyss:2)
  16 sea snakes
  Nergalle (Orc:2)
  5 salamander mystics
  3 skeletal warriors (D:13)
  2 sixfirhies (WizLab)
  15 deep trolls (Vaults:1)
  7 naga ritualists
  2 deep elf archers
  8 lindwurms
  3 orc knights
  4 wizards
  Pikel (D:9)
  9 ironbound convokers
  A shadow demon (Vaults:1)
  2 necromancers (D:15)
  A deep elf zephyrmancer (D:15)
  A wolf spider (D:14)
  12 harpies
  A wolf spider zombie (D:15)
  9 fauns
  8 mana vipers
  26 manticores
  10 orc sorcerers
  2 worldbinders (Abyss:2)
  5 cyclopes
  24 salamanders
  20 ugly things
  8 merfolk sirens
  18 elephants
  7 guardian serpents
  A rust devil (Vaults:1)
  13 naga magi
  6 water nymphs (Shoals:4)
  2 ice statues (IceCv)
  2 vault sentinels (Vaults:2)
  26 black mambas
  An orange demon (Vaults:1)
  19 cane toads
  3 torpor snails
  4 yaktaurs (Vaults:1)
  An unseen horror (D:11)
  A spriggan skeleton (Abyss:2)
  5 komodo dragons
  An entropy weaver simulacrum (IceCv)
  6 ice devils
  An efreet (Abyss:2)
  A freezing wraith (IceCv)
  A tormentor (Abyss:2)
  3 anaconda simulacra (IceCv)
  A hellwing (WizLab)
  8 wind drakes
  A meliai (shapeshifter) (D:15)
  10 trolls
  A tengu conjurer (D:13)
  24 merfolk
  A polar bear (Lair:6)
  Prince Ribbit (D:7)
  3 hornets (Lair:5)
  A wind drake (shapeshifter) (Abyss:2)
  22 slime creatures
  22 dream sheep
  3 raiju (Abyss:2)
  A dream sheep (shapeshifter) (D:14)
  8 snapping turtles
  A centaur simulacrum (D:15)
  4 dire elephant simulacra (IceCv)
  2 redbacks
  12 spriggans (Lair:5)
  11 water elementals
  5 wraiths
  8 wyverns
  75 yaks
  5 basilisks
  Eustachio (D:5)
  8 vampire mosquitoes
  6 humans
  A chaos spawn (Abyss:2)
  Menkaure (D:6)
  3 wargs
  2 harpy simulacra (IceCv)
  45 nagas
  5 small abominations
  18 water moccasins
  An acid dragon (D:12)
  36 orc warriors
  A sky beast (D:7)
  3 ice beasts (D:6)
  A sky beast (shapeshifter) (D:15)
  A black bear (D:6)
  2 hornet zombies
  A black bear (shapeshifter) (D:14)
  12 wolves
  3 boggarts (Lair:5)
  A necrophage (D:7)
  8 ogres
  17 centaurs
  4 lemures (D:9)
  Blork the orc (D:6)
  2 gnoll sergeants
  A cane toad simulacrum (IceCv)
  20 bullfrogs
  6 scorpions
  2 wyvern zombies
  9 killer bees
  5 howler monkeys
  10 wights
  4 electric eels
  A bullfrog zombie (D:7)
  An iron imp (D:5)
  6 centaur zombies
  Crazy Yiuf (D:7)
  2 gnoll shamans
  8 orc priests
  4 hounds
  2 jellies
  2 centaur skeletons
  5 iguanas
  3 bullfrog skeletons
  37 orc wizards
  A spriggan simulacrum (IceCv)
  A troll simulacrum (IceCv)
  A polar bear simulacrum (IceCv)
  A hound zombie (D:4)
  A hound skeleton (D:4)
  A howler monkey zombie (D:9)
  2 howler monkey skeletons
  13 gnolls
  4 adders
  6 shadow imps
  5 white imps
  2 ufetubi
  4 worms
  2 dart slugs
  51 orcs
  7 ball pythons
  2 bats
  6 endoplasms
  3 giant cockroaches
  4 goblins
  5 hobgoblins
  3 quokkas
  A ball python zombie (D:3)
  4 frilled lizards
  A giant cockroach zombie (D:3)
  12 kobolds
  A quokka zombie (D:3)
  5 rats
1225 creatures vanquished.

Vanquished Creatures (others)
  A salamander mystic (Snake:3)
  A wizard (Vaults:2)
  A manticore (Shoals:3)
  An orc wizard (Orc:2)
  43 fungi
  103 plants
  24 withered plants (Gauntlet)
174 creatures vanquished.

Grand Total: 1399 creatures vanquished

Notes
Turn   | Place    | Note
-------+----------+-------------------------------------------
     0 | D:1      | Strat the Troll Brigand began the quest for the Orb.
     0 | D:1      | Reached XP level 1. HP: 19/19 MP: 0/0
    27 | D:1      | Reached skill level 1 in Unarmed Combat
    93 | D:1      | Reached XP level 2. HP: 27/27 MP: 1/1
   111 | D:1      | Reached skill level 2 in Unarmed Combat
   219 | D:1      | Found a faded altar of an unknown god.
   378 | D:1      | Reached XP level 3. HP: 33/33 MP: 2/2
   571 | D:2      | Reached skill level 3 in Unarmed Combat
   954 | D:2      | Reached skill level 4 in Unarmed Combat
   954 | D:2      | Reached XP level 4. HP: 28/41 MP: 3/3
  1437 | D:3      | Reached XP level 5. HP: 36/48 MP: 4/4
  1438 | D:3      | Found a basalt altar of Yredelemnul.
  1593 | D:3      | Found a runed translucent door.
  1593 | D:3      | Noticed oldriver's ghost (amateur DrCj)
  1788 | D:3      | Found an ornate altar of the Wu Jian Council.
  1978 | D:4      | Reached skill level 5 in Unarmed Combat
  1986 | D:4      | Noticed an ogre
  2139 | D:4      | Killed an ogre
  2140 | D:4      | Reached XP level 6. HP: 59/59 MP: 5/5
  2515 | D:5      | Entered Level 5 of the Dungeon
  2585 | D:5      | Noticed Eustachio
  2606 | D:5      | Killed Eustachio
  2607 | D:5      | Reached skill level 6 in Unarmed Combat
  2646 | D:5      | Reached XP level 7. HP: 62/67 MP: 6/6
  2729 | D:5      | Reached skill level 7 in Unarmed Combat
  2744 | D:5      | Found a snail-covered altar of Cheibriados.
  3161 | D:5      | Found a blossoming altar of Fedhas.
  3257 | D:6      | Noticed Menkaure
  3262 | D:6      | Killed Menkaure
  3279 | D:6      | Found a staircase to the Ecumenical Temple.
  3291 | Temple   | Entered the Ecumenical Temple
  3367 | Temple   | Became a worshipper of Qazlal Stormbringer
  3495 | D:6      | Reached XP level 8. HP: 68/75 MP: 7/7
  3547 | D:6      | Reached skill level 8 in Unarmed Combat
  3621 | D:6      | Found an ancient bone altar of Kikubaaqudgha.
  3758 | D:6      | Noticed a troll
  3776 | D:6      | Killed a troll
  3777 | D:6      | Reached skill level 9 in Unarmed Combat
  3809 | D:6      | Noticed Blork the orc
  3831 | D:6      | Killed Blork the orc
  3833 | D:6      | Reached skill level 10 in Unarmed Combat
  3851 | D:6      | Reached skill level 1 in Armour
  3901 | D:6      | Reached XP level 9. HP: 62/83 MP: 8/8
  4017 | D:6      | Found a bloodstained altar of Trog.
  4124 | D:6      | Reached * piety under Qazlal
  4811 | D:7      | Noticed Prince Ribbit
  4823 | D:7      | Killed Prince Ribbit
  5397 | D:7      | Found a runed translucent door.
  5398 | D:7      | Noticed Crazy Yiuf
  5402 | D:7      | Killed Crazy Yiuf
  5492 | D:8      | Reached skill level 11 in Unarmed Combat
  5553 | D:8      | Found a glowing golden altar of the Shining One.
  5661 | D:8      | Reached skill level 5 in Fighting
  5723 | D:8      | Reached ** piety under Qazlal
  5848 | D:8      | Found a hazy altar of Hepliaklqana.
  5941 | D:8      | Noticed a seven-headed hydra
  6230 | D:9      | Reached XP level 10. HP: 96/96 MP: 9/9
  6316 | D:9      | Noticed Pikel
  6337 | D:9      | Killed Pikel
  6338 | D:9      | Reached skill level 5 in Throwing
  6368 | D:9      | Found a staircase to the Lair.
  6381 | D:9      | Found Zippoz's Antique Armour Shoppe.
  6397 | D:9      | Noticed Erica
  6424 | D:9      | Killed Erica
  6425 | D:9      | Reached skill level 12 in Unarmed Combat
  6442 | D:9      | Identified the +1 falchion of the Eternal Warrior {vorpal,
                  | rElec rF++}
  6654 | D:9      | Noticed a two-headed ogre
  6658 | D:9      | Killed a two-headed ogre
  6668 | D:9      | Reached XP level 11. HP: 95/107 MP: 10/10
  6692 | D:9      | Reached *** piety under Qazlal
  6750 | D:9      | Noticed a two-headed ogre
  6767 | D:9      | Killed a two-headed ogre
  6890 | D:9      | Found a staircase to the Orcish Mines.
  7158 | D:10     | Entered Level 10 of the Dungeon
  7186 | D:10     | Noticed a two-headed ogre
  7198 | D:10     | Killed a two-headed ogre
  7199 | D:10     | Reached skill level 13 in Unarmed Combat
  7791 | D:10     | Found an opulent altar of Gozag.
  7919 | D:11     | Noticed a death yak
  7920 | D:11     | Noticed a death yak
  7920 | D:11     | Noticed a death yak
  7921 | D:11     | Noticed a death yak
  7921 | D:11     | Noticed a death yak
  7921 | D:11     | Noticed a death yak
  7922 | D:11     | Noticed a death yak
  7922 | D:11     | Noticed a death yak
  8191 | D:11     | Reached skill level 1 in Invocations
  8454 | D:11     | Reached **** piety under Qazlal
  8457 | D:11     | Noticed a death yak
  8508 | D:11     | Killed a death yak
  8556 | D:11     | Reached XP level 12. HP: 123/123 MP: 13/13
  8578 | D:11     | Killed a death yak
  8582 | D:11     | Killed a death yak
  8627 | D:11     | Killed a death yak
  8634 | D:11     | Killed a death yak
  8634 | D:11     | Noticed a death yak
  8635 | D:11     | Reached skill level 5 in Invocations
  9207 | D:11     | Noticed a death yak
  9210 | D:11     | Killed a death yak
  9211 | D:11     | Reached skill level 10 in Fighting
  9215 | D:11     | Killed a death yak
  9233 | D:11     | Killed a death yak
  9305 | D:11     | Killed a death yak
  9313 | D:11     | Killed a death yak
  9585 | D:12     | Noticed a two-headed ogre
  9595 | D:12     | Killed a two-headed ogre
  9807 | D:12     | Reached skill level 1 in Shields
  9970 | D:12     | Noticed Sonja
  9995 | D:12     | Killed Sonja
 10077 | D:12     | Reached ***** piety under Qazlal
 10261 | D:12     | You fall into a shaft and drop 2 floors!
 10276 | D:14     | Reached XP level 13. HP: 97/99 MP: 18/18
 11289 | D:12     | Reached skill level 5 in Shields
 11289 | D:12     | Reached skill level 10 in Invocations
 11460 | D:12     | Identified the +10 trident of Modesty {antimagic, rF+ rC+
                  | rCorr}
 11824 | D:12     | Found an iron altar of Okawaru.
 12097 | Lair:1   | Entered Level 1 of the Lair of Beasts
 12374 | Lair:1   | Found a frozen archway.
 12392 | IceCv    | Entered an ice cave
 13078 | IceCv    | Noticed a reaper
 13136 | IceCv    | Killed a reaper
 14669 | Lair:2   | Reached XP level 14. HP: 143/143 MP: 21/21
 14870 | Lair:2   | Found a gate leading to a gauntlet.
 14883 | Gauntlet | Entered a Gauntlet
 14883 | Gauntlet | Found a transporter.
 14892 | Gauntlet | Found a transporter.
 14911 | Gauntlet | Found a transporter.
 14918 | Gauntlet | Found a transporter.
 14934 | Gauntlet | Found a transporter.
 14937 | Gauntlet | Found a transporter.
 14977 | Gauntlet | Found a transporter.
 15005 | Gauntlet | Found a transporter.
 15007 | Gauntlet | Found a transporter.
 15111 | Gauntlet | Found a transporter.
 15149 | Gauntlet | Found a transporter.
 15159 | Gauntlet | Found a transporter.
 15161 | Gauntlet | Found a transporter.
 15214 | Gauntlet | Identified the +6 arbalest of Jurchoeh {freeze, rPois rC-
                  | Str+4 Int+3}
 15218 | Gauntlet | Got the Guide on the Voyage
 16343 | Lair:3   | Found a runed translucent door.
 16606 | Lair:3   | Identified the +3 robe "Omnuic" {Will- rCorr Dex-2 SInv}
 16609 | Lair:3   | Got Qaeluw's Reference Book on Evil Lightness
 17128 | Lair:4   | Found a staircase to the Snake Pit.
 17459 | Lair:4   | Found a staircase to the Shoals.
 17746 | Lair:5   | Found a staircase to the Slime Pits.
 17747 | Lair:5   | Noticed Snorg
 17775 | Snake:1  | Entered Level 1 of the Snake Pit
 18023 | Lair:5   | Killed Snorg
 18055 | Lair:5   | Reached skill level 5 in Armour
 18208 | Lair:5   | Found a glowing silver altar of Zin.
 18388 | Lair:5   | Identified a scroll of acquirement
 18388 | Lair:5   | Acquired a manual of Dodging
 18620 | Lair:5   | Reached skill level 1 in Dodging
 18647 | Lair:5   | Reached XP level 15. HP: 138/149 MP: 23/23
 18806 | Lair:6   | Entered Level 6 of the Lair of Beasts
 18968 | Lair:6   | Reached ****** piety under Qazlal
 18984 | Lair:6   | Reached skill level 14 in Unarmed Combat
 19189 | Lair:6   | Reached skill level 5 in Dodging
 19870 | Lair:6   | Identified the +2 plate armour of Purpose {Str+7 Int-3}
 20093 | Orc:1    | Entered Level 1 of the Orcish Mines
 20200 | Orc:2    | Entered Level 2 of the Orcish Mines
 20223 | Orc:2    | Noticed an orc warlord
 20333 | Orc:1    | Killed an orc warlord
 20753 | Orc:2    | Found a radiant altar of Vehumet.
 20753 | Orc:2    | Noticed Erolcha
 20767 | Orc:2    | Noticed Nergalle
 20777 | Orc:2    | Killed Erolcha
 20784 | Orc:2    | Killed Nergalle
 20801 | Orc:2    | Found Jiwnaow's Antique Weapon Emporium.
 20826 | Orc:2    | Found Cidyang's Jewellery Shoppe.
 20832 | Orc:2    | Found Vihepn's Magic Scroll Emporium.
 20842 | Orc:2    | Found Hiam Rur's Jewellery Shoppe.
 20871 | Orc:2    | Found an ancient bone altar of Kikubaaqudgha.
 20945 | Orc:2    | Found a staircase to the Elven Halls.
 21378 | Orc:2    | Bought a +4 ring of evasion for 432 gold pieces
 21387 | Orc:2    | Bought a scroll of blinking for 105 gold pieces
 21387 | Orc:2    | Bought a scroll of blinking for 105 gold pieces
 21387 | Orc:2    | Bought a scroll of teleportation for 42 gold pieces
 21387 | Orc:2    | Bought a scroll of teleportation for 42 gold pieces
 21556 | D:11     | Reached skill level 15 in Unarmed Combat
 21974 | D:13     | Found a radiant altar of Vehumet.
 22070 | D:13     | Identified the +10 broad axe of Pebbitt {vorpal, Will+
                  | Int+2}
 22076 | D:13     | Reached XP level 16. HP: 158/158 MP: 25/25
 22139 | D:13     | Found a gate to the Vaults.
 22241 | D:13     | Identified the +2 trident "Qiobul" {freeze, Int+2 Dex+3}
 22765 | D:15     | Entered Level 15 of the Dungeon
 23054 | D:15     | Found a staircase to the Depths.
 23085 | D:15     | Found Ijeas's General Store.
 23088 | D:15     | Bought a scroll of teleportation for 51 gold pieces
 23550 | D:15     | Reached skill level 10 in Dodging
 23760 | D:15     | Acquired a manual of Fighting
 24131 | Snake:1  | Reached skill level 16 in Unarmed Combat
 24131 | Snake:1  | Reached skill level 15 in Invocations
 24212 | Snake:1  | Found Jienoule's Book Shop.
 24214 | Snake:1  | Found Pautu's Distillery.
 25003 | Snake:2  | Found Goock's Antique Weapon Shoppe.
 25478 | Snake:2  | Found a stormy altar of Qazlal.
 25819 | Snake:3  | Reached XP level 17. HP: 154/172 MP: 27/27
 25819 | Snake:3  | Identified the +0 pair of gloves of Ajyhust {Rampage rF+}
 25819 | Snake:3  | Noticed Nikola
 25840 | Snake:3  | Killed Nikola
 25849 | Snake:3  | Noticed Donald
 25852 | Snake:3  | Noticed Louise
 25863 | Snake:2  | Killed Donald
 26180 | Snake:3  | Identified the ring "Mostovvu" {rF+ rN+}
 26445 | Snake:3  | Killed Louise
 26612 | Snake:3  | Noticed Mara
 26620 | Snake:3  | Noticed Strat's illusion
 26662 | Snake:3  | Killed Mara
 26694 | Snake:3  | Reached skill level 17 in Unarmed Combat
 27376 | Snake:4  | Entered Level 4 of the Snake Pit
 27378 | Snake:4  | Identified the +9 battleaxe "Tebbesaz" {venom, Dex+5}
 27946 | Snake:4  | Noticed Vashnia
 28237 | Snake:4  | Killed Vashnia
 29211 | Snake:4  | Reached XP level 18. HP: 140/189 MP: 29/29
 29652 | Snake:4  | Got a serpentine rune of Zot
 29808 | Shoals:1 | Entered Level 1 of the Shoals
 29827 | Shoals:1 | Noticed Josephine
 29855 | Lair:4   | Killed Josephine
 29864 | Lair:4   | Reached skill level 18 in Unarmed Combat
 30013 | Shoals:1 | You fall into a shaft and drop 1 floor!
 30419 | Shoals:2 | Noticed Aizul
 30694 | Shoals:2 | Killed Aizul
 31229 | Shoals:2 | Reached skill level 15 in Fighting
 32366 | Shoals:4 | Entered Level 4 of the Shoals
 32820 | Shoals:4 | Found Leits's Antique Weapon Shop.
 33190 | Shoals:4 | Identified the ring "Neocum" {Str+4 Int+6 SInv Stlth+}
 33450 | Shoals:4 | Reached XP level 19. HP: 172/202 MP: 30/30
 33543 | Shoals:4 | Got a barnacled rune of Zot
 34034 | Vaults:1 | Entered Level 1 of the Vaults
 34325 | Vaults:1 | Reached skill level 10 in Throwing
 34340 | Vaults:1 | Reached skill level 19 in Unarmed Combat
 34570 | Vaults:1 | Found a magical portal.
 34575 | WizLab   | Entered The Hall of the Hellbinder
 35858 | Vaults:2 | Noticed Sojobo
 35871 | Vaults:1 | Killed Sojobo
 35949 | Vaults:2 | Found Ofetafiyh's General Store.
 36092 | Vaults:2 | Cast into level 2 of the Abyss (a wizard)
 36209 | Abyss:2  | Noticed a bone dragon
 36246 | Abyss:2  | Killed a bone dragon
 36343 | Vaults:2 | Escaped the Abyss
 36378 | Vaults:2 | Annihilated by an orc knight

Illustrated notes

Levels and vault maps discovered:
D:1:      psy_arrival_terrarium, layout_rooms, nicolae_ecumenical_snake_handling
D:2:      layout_basic
D:3:      layout_basic, nicolae_wu_jian_wuxing_cycle,
          nicolae_yredelemnul_corpse_copse, hellmonk_ghost_happy_afterlife,
          dk_vineyard_2, minmay_misc_feat_rows
D:4:      layout_gridville
D:5:      layout_gridville, marbit_many_paths, slow_altar_2, uniq_eustachio
D:6:      minmay_opposing_rooms, layout_loops_corners,
          mainiacjoe_overflow_catwalk, lemuel_round_altar,
          minmay_temple_entry_junction, amcnicky_mini_corridor_feature,
          st_stairs_12, uniq_blork_the_orc, uniq_menkaure
D:7:      layout_loops_corners, uniq_crazy_yiuf_cottage, uniq_prince_ribbit1
D:8:      layout_rooms, nicolae_overflow_hidden_temple, amcnicky_altar_gilded
D:9:      nzn_winding_woodlands_three_and_one
          [nzn_winding_woodlands_5x15_sidewinder,
          nzn_winding_woodlands_5x15_pool, nzn_winding_woodlands_5x15_crooked,
          nzn_winding_woodlands_center_garden], layout_gridville,
          minmay_lair_entry_grove, orc_0_dummy, serial_shops, shop, uniq_pikel,
          uniq_erica
D:10:     layout_loops_cross, mainiacjoe_overflow_chevrons
D:11:     slaughterhouse, layout_stronghold, st_stairs_7
D:12:     evilmike_iron_armoury, layout_cave_pods, uniq_sonja
D:13:     layout_loops_ring, grunt_vaults_entry_fortified, vehumet_crystals
D:14:     layout_rooms, hangedman_fish_farm
D:15:     grunt_enter_depths_magical_seal, layout_gridville,
          serial_bayou_pond_a, serial_shops, shop, dispersion_dpeg
Temple:   dshaligram_water_room_temple
Lair:1:   layout_layer_cave, portal_ice_cave_demonic_guard,
          serial_bayou_lagoon_b, grunt_megastairs_3
Lair:2:   layout_loops_ring, gauntlet_entry_generic, lemuel_fruit_fields,
          infiniplex_staircase_pool_2
Lair:3:   layout_loops_ring, chequers_serial_rivers_micro_a, pf_torpor_hydra
Lair:4:   nzn_motion_control, layout_gridlike, minmay_shoals_entry_centaurs,
          guppyfry_snake_entry_island
Lair:5:   kb_forest_paths, layout_regular_city, slime_dummy, basic_altar,
          uniq_snorg
Lair:6:   hangedman_lair_in_review, layout_big_grid, nzn_sisyphean_effort,
          serial_bayou_shore_b
Shoals:1: layout_shoals, uniq_josephine
Shoals:2: layout_shoals, uniq_aizul
Shoals:3: layout_shoals, st_sunken_huts
Shoals:4: shoals_end_simple, layout_shoals, serial_shops, shop
Snake:1:  layout_misc_corridors, nicolae_snake_bzzzt, minmay_shoptagon,
          lemuel_fruit_tree
Snake:2:  layout_onion, serial_shops, nicolae_shop_statue_plus, basic_altar
Snake:3:  layout_chambers, uniq_mara, uniq_donald, uniq_nikola, uniq_louise
Snake:4:  grunt_snake_rune_spirals, layout_onion, serial_bayou_shore_b,
          uniq_vashnia
Orc:1:    layout_caves, serial_shops, nicolae_shop_statue_plus,
          nicolae_shop_stone, shop
Orc:2:    kennysheep_orc_mage_school, layout_diamond_mine, mines1_david
Vaults:1: mu_enter_wizlab_2, vaults_room_boxed, nicolae_vaults_quartermaster,
          vaults_dpeg_spiral, v_alt_pattern_2, grunt_vaults_twisty, v_misc_29,
          nicolae_vaults_specimen_jars, dpeg_vaults_monster_box,
          layout_vaults_omnibox
Vaults:2: st_octagons_1, hangedman_vaults_slice, ontoclasm_vaults_idyll,
          vaults_mumra_hex, hangedman_vaults_pinch, ontoclasm_vaults_gateway,
          v_misc_17, v_alt_pattern_6, ontoclasm_vaults_twist,
          ontoclasm_vaults_loading_screen, vaults_dpeg_ring,
          ontoclasm_vaults_loading_screen, layout_vaults_omnicross,
          serial_shops, nicolae_shop_statue_plus, uniq_sojobo

Skill      XL: |  1  2  3  4  5  6  7  8  9 10 11 12 13 14 15 16 17 18 19 |
---------------+----------------------------------------------------------+-----
Unarmed Combat | 1 2 4 5 6 7 10 11 12 13 15 16 17 18 19 | 19.5
Fighting       | 2 3 5 6 9 10 11 14 15 16 | 16.3
Throwing       | 3 4 6 8 9 11 | 11.1
Armour         | 1 4 5 |  5.3
Invocations    | 3 8 11 12 14 15 16 17 18 | 18.3
Shields        | 2 7 9 |  9.0
Dodging        | 1 8 10 | 10.0
Short Blades   | |  1.5
Stealth        | |  2.1

Action                   |  1- 3 |  4- 6 |  7- 9 | 10-12 | 13-15 | 16-18 | 19-21 || total
-------------------------+-------+-------+-------+-------+-------+-------+-------++-------
Melee: Dagger            |    95 |       |       |       |       |       |       ||    95
       Unarmed           |    39 |    87 |   211 |   508 |  1394 |  1669 |   519 ||  4427
       Punch             |       |     4 |     8 |    32 |    23 |       |       ||    67
       Scimitar          |       |       |       |       |    35 |     4 |       ||    39
Throw: Dart              |       |     9 |     3 |     3 |     3 |       |       ||    18
       Boomerang         |       |       |       |    40 |    32 |    36 |       ||   108
Invok: Upheaval          |       |       |       |       |    12 |    18 |     7 ||    37
Evoke: Wand              |       |       |       |     1 |    12 |     6 |       ||    19
  Use: Scroll            |       |    13 |     1 |     6 |    14 |     7 |     6 ||    47
       Potion            |       |       |       |     3 |     3 |     3 |     6 ||    15
 Stab: Sleeping          |     2 |     4 |       |       |       |       |       ||     6
Armor: Robe              |    46 |    35 |    22 |       |       |       |       ||   103
       Troll leather arm |       |       |    35 |   119 |       |       |       ||   154
       Acid dragon scale |       |       |       |    41 |   343 |   173 |    60 ||   617
Dodge: Dodged            |    43 |    42 |    66 |   175 |   369 |   698 |   224 ||  1617
       Repelled          |       |       |       |       |     8 |    36 |     6 ||    50
Block: Other             |       |       |     5 |    86 |    71 |       |       ||   162
       Kite shield       |       |       |       |       |   893 |  1491 |   400 ||  2784
       Reflection        |       |       |       |       |       |   112 |    18 ||   130

Table legend: (Time is in decaauts)
 A = Elapsed time spent in this place.
 B = Non-inter-level travel time spent in this place.
 C = Inter-level travel time spent in this place.
 D = Time resting spent in this place.
 E = Time spent auto-exploring this place.
 F = Levels seen in this place.
 G = Mean time per level.
                   A        B        C        D        E       F      G
               +--------+--------+--------+--------+--------+-----+--------+
         Total |  35620 |  33514 |   2106 |   2861 |  19877 |  38 |  937.4 |
       Dungeon |  14337 |  13405 |    932 |    712 |   8971 |  15 |  955.8 |
        Temple |     92 |     77 |     15 |      0 |     60 |   1 |   92.0 |
          Lair |   6840 |   6265 |    575 |    361 |   4265 |   6 | 1140.0 |
        Shoals |   4105 |   3858 |    247 |    575 |   1920 |   4 | 1026.2 |
     Snake Pit |   5544 |   5325 |    219 |    602 |   2967 |   4 | 1386.0 |
  Orcish Mines |   1315 |   1235 |     80 |     55 |    658 |   2 |  657.5 |
        Vaults |   1850 |   1813 |     37 |    175 |   1027 |   2 |  925.0 |
         Abyss |    232 |    232 |      0 |      0 |      0 |   1 |  232.0 |
      Ice Cave |    949 |    949 |      0 |    368 |      0 |   1 |  949.0 |
        Wizlab |     19 |     19 |      0 |      0 |      0 |   1 |   19.0 |
      Gauntlet |    332 |    332 |      0 |     13 |      8 |   1 |  332.0 |
               +--------+--------+--------+--------+--------+-----+--------+

Top non-repeatable levels by time:
 Snake:4: 2207 daAuts
    D:11: 1935 daAuts
Vaults:1: 1666 daAuts
    D:12: 1521 daAuts
  Lair:1: 1503 daAuts
 Snake:3: 1420 daAuts
 Snake:2: 1191 daAuts
  Lair:3: 1190 daAuts
    D:13: 1179 daAuts
Shoals:2: 1168 daAuts
  Lair:4: 1166 daAuts
     D:6: 1143 daAuts
Shoals:3: 1114 daAuts
Shoals:4: 1110 daAuts
   Orc:2: 1070 daAuts
